 Dungeon Crawl Stone Soup version 0.28.0 (webtiles) character file.

Game seed: 17535513370939908624

28 HallandMoats the Skirmisher (level 3, 0/29 HPs)
             Began as a Demonspawn Fighter on Feb 13, 2022.
             Slain by an adder (2 damage)
             ... on level 2 of the Dungeon.
             The game lasted 00:01:11 (886 turns).

HallandMoats the Skirmisher (Demonspawn Fighter)     Turns: 886, Time: 00:01:13

Health: 0/29       AC:  6    Str: 18    XL:     3   Next: 0%
Magic:  4/4        EV:  9    Int:  9    God:
Gold:   54         SH:  8    Dex: 12    Spells: 2/2 levels left

rFire   . . .      SeeInvis .   a - +0 war axe
rCold   . . .      Faith    .   c - +0 buckler
rNeg    + . .      Spirit   .   b - +0 scale mail
rPois   .          Reflect  .   (no helmet)
rElec   .          Harm     .   (no cloak)
rCorr   .          Rampage  .   (no gloves)
Will    .....                   (no boots)
Stlth   ..........              (no amulet)
HPRegen 0.09/turn               j - ring of positive energy
MPRegen 0.09/turn               e - ring of wizardry

@: lethally poisoned (0 -> -10)
A: condensation shield, weakness stinger 1
a: no special abilities


You were on level 2 of the Dungeon.
You visited 1 branch of the dungeon, and saw 2 of its levels.

You collected 54 gold pieces.

Inventory:

Hand Weapons
 a - a +0 war axe (weapon)
Armour
 b - a +0 scale mail (worn)
 c - a +0 buckler (worn)
Jewellery
 e - a ring of wizardry (right hand)
 j - a ring of positive energy (left hand)
Scrolls
 g - a scroll of acquirement {unknown}
 k - a scroll of noise {unknown}
 m - a scroll of silence {unknown}
Potions
 d - a potion of might
 f - a potion of heal wounds
 h - a potion of curing {unknown}
 i - a potion of flight {unknown}
 l - a potion of invisibility {unknown}


   Skills:
 * Level 3.3 Fighting
 * Level 2.2 Axes
 + Level 2.8 Armour
 + Level 0.4 Dodging
 + Level 2.8 Shields
 * Level 1.4 Invocations


You had 2 spell levels left.
You didn't know any spells.
Your spell library contained the following spells:

 Spells                   Type           Power      Damage    Failure   Level
 Ensorcelled Hibernation  Hex/Ice        0%         N/A       67%         2
 Inner Flame              Hex/Fire       0%         N/A       87%         3
 Spider Form              Tmut/Pois      0%         N/A       87%         3
 Anguish                  Hex/Necr       0%         N/A       99%         4
 Cause Fear               Hex            0%         N/A       99%         4
 Discord                  Hex            0%         N/A       100%        8


Dungeon Overview and Level Annotations

Branches:
Dungeon (2/15)

Altars:


Innate Abilities, Weirdness & Mutations

A meltable shield of frost defends you. (SH +4)
You have a small tail.


Message History

You are too injured to fight recklessly!
You are too injured to fight recklessly!
Unknown command.
You feel sick.
The kobold throws a stone.
You block the stone. The adder completely misses you.
You feel sick.
You miss the adder.
You feel sick. The adder barely misses you. x2
You barely miss the adder.
Your tail-slap misses the adder.
You feel sick. The adder bites you.
* * * LOW HITPOINT WARNING * * *
You are more poisoned.
The adder poisons you! The adder bites you.
* * * LOW HITPOINT WARNING * * *
You are more poisoned.
The adder poisons you!
It was a potion of heal wounds.
You feel much better.
You feel very sick. The adder bites you but does no damage.
You miss the adder.
You feel sick. You block the adder's attack.
The adder bites you but does no damage.
You closely miss the adder.
You feel sick. The adder bites you.
You are more poisoned.
The adder poisons you! The adder bites you.
You closely miss the adder. You tail-slap the adder.
The adder is heavily wounded.
You feel very sick. The adder bites you. The adder barely misses you.
You miss the adder.
The adder is moderately wounded.
* * * LOW HITPOINT WARNING * * *
You feel very sick. The adder barely misses you.
You barely miss the adder.
The adder is moderately wounded.
* * * LOW HITPOINT WARNING * * *
You feel sick. The adder bites you.
* * * LOW HITPOINT WARNING * * *
You are more poisoned.
The adder poisons you! The adder bites you.
You die...

#...........#.##..##.
##.................####
.#......##..............
........##.........<####
#..............###.####
#.#....###.............
#.....K.........####...
#....#S###.#.#..## #.##
#### #@# #.#.#...# #.#
### #.#.#...# #.#
####.......###.#
#..............#
##########.###.#
#.###.## #.......
########


You could see an adder and a kobold.

Vanquished Creatures
  2 dart slugs
  2 ball pythons (D:1)
  3 endoplasms (D:1)
  2 giant cockroaches (D:1)
  A goblin (D:1)
  4 kobolds (D:1)
  A quokka (D:1)
  5 bats (D:1)
  A frilled lizard (D:1)
  4 rats (D:1)
25 creatures vanquished.

Notes
Turn   | Place    | Note
-------+----------+-------------------------------------------
     0 | D:1      | HallandMoats the Demonspawn Fighter began the quest for the
                  | Orb.
     0 | D:1      | Reached XP level 1. HP: 18/18 MP: 1/1
    88 | D:1      | Gained mutation: A meltable shield of frost defends you.
                  | (SH +4) [demonic ancestry]
    88 | D:1      | Reached XP level 2. HP: 20/24 MP: 2/2
    90 | D:1      | Reached skill level 1 in Invocations
   797 | D:2      | Gained mutation: You have a small tail. [demonic ancestry]
   797 | D:2      | Reached XP level 3. HP: 27/29 MP: 4/4
   886 | D:2      | Slain by an adder

Illustrated notes

Levels and vault maps discovered:
D:1:      lightli_arrival_lavapool, layout_rooms,
          chequers_serial_rivers_micro_d, minmay_close_crescents
D:2:      layout_basic, kennysheep_generic_room_2

Skill      XL: |  1  2 |
---------------+-------+-----
Axes           | 2 |  2.2
Invocations    | 1 |  1.4
Fighting       | |  3.3
Armour         | |  2.8
Dodging        | |  0.4
Shields        | |  2.8

Action                   || total
-------------------------++-------
Melee: War axe           ||    68
       Tailslap          ||     1
  Use: Potion            ||     1
Armor: Scale mail        ||    38
Dodge: Dodged            ||    33
Block: Buckler           ||    25
